 Dungeon Crawl Stone Soup version 0.28-a0-804-g60983d4ba9 (webtiles) character file.

Game seed: 5585599718882658775

25 lawman0 the Grasshopper (level 3, -1/28 HPs)
             Began as a Barachi Warper on Nov 7, 2021.
             Slain by Sigmund (4 damage)
             ... on level 2 of the Dungeon.
             The game lasted 00:00:41 (1274 turns).

lawman0 the Grasshopper (Barachi Warper)            Turns: 1274, Time: 00:00:43

Health: -1/28      AC:  3    Str: 12    XL:     3   Next: 6%
Magic:  6/6        EV: 11    Int: 14    God:
Gold:   38         SH:  0    Dex: 11    Spells: 1/6 levels left

rFire   . . .      SeeInvis .   a - +1 falchion
rCold   . . .      Faith    .   (no shield)
rNeg    . . .      Spirit   .   b - +0 leather armour
rPois   .          Reflect  .   (no helmet)
rElec   .          Harm     .   (no cloak)
rCorr   .          Rampage  .   (no gloves)
Will    .....                   (no boots)
Stlth   +.........              (no amulet)
HPRegen 0.09/turn               (no ring)
MPRegen 0.10/turn               (no ring)

@: slow
A: amphibious, slowness 1, strong legs 1, +LOS
a: Hop


You were on level 2 of the Dungeon.
You visited 1 branch of the dungeon, and saw 2 of its levels.

You collected 38 gold pieces.

Inventory:

Hand Weapons
 a - a +1 falchion (weapon)
Missiles
 d - 5 boomerangs of dispersal (quivered)
Armour
 b - a +0 leather armour (worn)
Jewellery
 i - a ring of resist corrosion
Scrolls
 c - a scroll of blinking
 f - a scroll of brand weapon {unknown}
 g - a scroll of identify {unknown}
 j - a scroll of enchant weapon
 k - a scroll of acquirement {unknown}
Potions
 e - a potion of heal wounds {unknown}
 h - a potion of curing {unknown}


   Skills:
 + Level 2.5 Fighting
 * Level 2.9 Long Blades
 + Level 1.1 Throwing
 + Level 1.6 Armour
 + Level 2.4 Dodging
 + Level 2.2 Spellcasting
 * Level 3.8 Translocations


You had one spell level left.
You knew the following spells:

 Your Spells              Type           Power      Damage    Failure   Level
a - Blink                 Tloc           24%        N/A       9%          2
b - Teleport Other        Tloc           12%        N/A       19%         3

Your spell library contained the following spells:

 Spells                   Type           Power      Damage    Failure   Level
 Gell's Gravitas          Tloc           12%        N/A       19%         3
 Lesser Beckoning         Tloc           12%        N/A       19%         3
 Manifold Assault         Tloc           12%        N/A       86%         5


Dungeon Overview and Level Annotations

Branches:
Dungeon (2/15)

Altars:

Annotations:
D:2 Natasha, Sigmund


Innate Abilities, Weirdness & Mutations

You are amphibious.
You cover ground slowly.
You can hop short distances.
You have an extended range of vision and can be seen from far away.


Message History

No target in view!
Unknown command.
There is an open door here.
There is an escape hatch in the floor here.
You open the door. You open the door.
There is an open door here.
Natasha, Servant of Life and Death comes into view.
Natasha hisses angrily.
You hear a shout!
Natasha stares at you and mumbles some strange words.
The magic dart hits you.
Sigmund the Dreaded comes into view.
He is wielding a +0 scythe.
Sigmund shouts!
Sigmund casts a spell at you. You resist with significant effort.
Unknown command.
You barely miss Natasha. Natasha barely misses you.
Sigmund gestures wildly while chanting.
Sigmund flickers and vanishes!
Deactivating autopickup; reactivate with Ctrl-A.
You hit Natasha.
Natasha is heavily wounded.
Natasha claws you. Something hits you!
You miss Natasha.
Natasha is heavily wounded.
Natasha stares at you and mumbles some strange words.
The magic dart hits you.
* * * LOW HITPOINT WARNING * * *
Natasha claws you but does no damage.
You are too injured to fight recklessly!
You hit Natasha but do no damage.
Natasha is heavily wounded.
Something hits you.
* * * LOW HITPOINT WARNING * * *
Natasha misses you.
You are too injured to fight recklessly!
You slash Natasha!
Natasha is almost dead.
Something hits you.
You die...

........ ........ ###
........ #<# ........
#.#### ........
########'#...
........#####..........##
.......{+...'.....>......
.......h#####..........##
........@...'.(........##
#############............
########+#..# #.#..#
#....# #....# #....#
######+#... #..........


You could see Natasha.

Vanquished Creatures
  5 goblins (D:1)
  4 hobgoblins (D:1)
  4 jackals (D:1)
  3 ball pythons (D:1)
  2 bats
  2 frilled lizards (D:1)
  A kobold (D:1)
  2 rats (D:1)
23 creatures vanquished.

Notes
Turn   | Place    | Note
-------+----------+-------------------------------------------
     0 | D:1      | lawman0 the Barachi Warper began the quest for the Orb.
     0 | D:1      | Reached XP level 1. HP: 17/17 MP: 3/3
   446 | D:1      | Reached XP level 2. HP: 23/23 MP: 5/5
   861 | D:1      | Reached XP level 3. HP: 24/28 MP: 6/6
   918 | D:1      | Learned a level 2 spell: Blink
   922 | D:1      | Learned a level 3 spell: Teleport Other
  1268 | D:2      | Noticed Natasha
  1269 | D:2      | Noticed Sigmund
  1274 | D:2      | Slain by Sigmund

Illustrated notes

Levels and vault maps discovered:
D:1:      lightli_arrival_lavapool, layout_loops_ring
D:2:      layout_basic, hellmonk_ecumenical_altar_lost_god,
          chequers_serial_rivers_micro_d, serial_park_tiny_2, uniq_natasha,
          uniq_sigmund

Action                   || total
-------------------------++-------
Melee: Falchion          ||    77
  Use: Scroll            ||     1
Armor: Leather armour    ||    20
Dodge: Dodged            ||    41

Table legend: (Time is in decaauts)
 A = Elapsed time spent in this place.
 B = Non-inter-level travel time spent in this place.
 C = Inter-level travel time spent in this place.
 D = Time resting spent in this place.
 E = Time spent auto-exploring this place.
 F = Levels seen in this place.
 G = Mean time per level.
                   A        B        C        D        E       F      G
               +--------+--------+--------+--------+--------+-----+--------+
         Total |   1417 |   1374 |     43 |    117 |   1064 |   2 |  708.5 |
       Dungeon |   1417 |   1374 |     43 |    117 |   1064 |   2 |  708.5 |
               +--------+--------+--------+--------+--------+-----+--------+

Top non-repeatable levels by time:
     D:1: 1286 daAuts
     D:2: 131 daAuts
